Map: World of Sleepers LE

Players

Clem - Winner!

  • Race: Terran Terran
  • Spawn Location: 7:00

Harstem

  • Race: Protoss Protoss
  • Spawn Location: 1:00

VOD

Have the link to the VOD?

Description

Time

  • Played on: Sept. 7, 2019, 1:56 p.m.
  • Length: 18:04
Show
View Real Time Build Order
Export as new Build Order

Clem Terran - Winner!

Build Orders: Reaper Expand 

Get SALT Encoding   

  12  0:00  SCV  
  13  0:12  SCV  
  14  0:16  Supply Depot  
  14  0:24  SCV  
  15  0:38  SCV  
  15  0:39  Barracks  
  16  0:44  Refinery  
  16  0:50  SCV  
  17  1:02  SCV  
  18  1:14  SCV  
  19  1:27  Orbital Command  
  19  1:28  Reaper  
  20  1:38  Command Center  
  20  1:46  Supply Depot  
  20  1:53  SCV  
  21  2:00  Marine  
  22  2:05  SCV  
  22  2:08  Factory  
  23  2:13  Refinery  
  23  2:19  SCV  
  24  2:23  Barracks Reactor  
  24  2:31  SCV  
  25  2:43  SCV  
  26  2:51  Orbital Command  
  26  2:52  Starport  
  26  2:54  Widow Mine  
  26  2:55  SCV  
  29  3:00  Marine x2  
  31  3:07  SCV  
  31  3:10  Barracks  
  32  3:16  Widow Mine  
  32  3:18  Marine x2  
  32  3:19  SCV x2  
  38  3:23  Supply Depot  
  38  3:29  Medivac  
  38  3:31  SCV  
  38  3:32  SCV  
  42  3:37  Engineering Bay  
  42  3:39  Factory Tech Lab  
  42  3:42  Marine x2  
  42  3:46  SCV  
  42  3:47  SCV  
  46  3:53  Refinery  
  46  3:57  Barracks  
  46  4:00  SCV x2  
  48  4:05  Stimpack  
  48  4:06  Terran Infantry Weapons Level 1  
  48  4:13  Marauder  
  48  4:14  Marine x2  
  52  4:18  SCV x2  
  52  4:21  Factory Reactor  
  52  4:22  Starport Reactor  
  53  4:25  Supply Depot  
  53  4:30  SCV  
  54  4:37  Supply Depot  
  54  4:45  Barracks Tech Lab  
  54  4:47  Marauder, SCV x2, Marine x2  
  60  4:58  Widow Mine, Medivac  
  60  4:59  Widow Mine, Medivac  
  68  5:00  Supply Depot  
  68  5:02  SCV x2  
  68  5:04  Refinery  
  70  5:10  Supply Depot  
  70  5:21  SCV, Marine x2  
  70  5:22  Marauder x2  
  70  5:25  SCV  
  70  5:27  Supply Depot  
  78  5:32  Widow Mine x2  
  78  5:33  SCV  
  83  5:36  Combat Shield  
  83  5:37  SCV  
  83  5:42  Marine x2  
  84  5:44  Supply Depot  
  84  5:49  Marauder, Medivac x2  
  92  5:51  Marauder  
  94  6:04  SCV  
  94  6:05  Marine x2  
  94  6:06  Widow Mine x2, SCV  
  94  6:10  Marauder  
  98  6:16  SCV  
  98  6:18  Command Center, SCV  
  96  6:23  Marauder  
  96  6:25  Liberator  
  98  6:26  Liberator  
  98  6:30  Marine  
  98  6:31  Marine  
  101  6:34  Widow Mine  
  101  6:40  Supply Depot  
  101  6:41  Terran Infantry Armor Level 1  
  101  6:43  Concussive Shells  
  101  6:46  Marauder  
  106  6:48  SCV  
  106  6:52  SCV  
  108  6:56  Marine x2  
  108  7:00  Widow Mine  
  109  7:02  Widow Mine, Marauder  
  109  7:07  Marauder  
  111  7:11  SCV x2  
  109  7:17  Barracks  
  109  7:18  Barracks  
  109  7:19  Marine x2  
  108  7:23  Marauder  
  108  7:27  Widow Mine x2  
  108  7:28  SCV  
  111  7:31  Marauder  
  113  7:38  Marine x2  
  113  7:40  Orbital Command  
  113  7:42  SCV x2  
  113  7:43  Liberator x2  
  117  7:47  Marauder  
  117  7:50  Widow Mine  
  117  7:51  Widow Mine  
  121  7:59  SCV  
  128  8:06  Marauder  
  128  8:09  Barracks Tech Lab, Barracks Reactor, SCV  
  128  8:10  Marine x2, SCV  
  133  8:17  Widow Mine  
  132  8:20  Widow Mine, SCV  
  132  8:22  Supply Depot  
  132  8:25  Marauder  
  127  8:27  SCV x2  
  127  8:33  SCV  
  127  8:34  Liberator x2, Armory  
  120  8:35  Engineering Bay  
  120  8:38  Widow Mine  
  120  8:40  Marine x2  
  124  8:42  Marauder, SCV  
  124  8:47  Widow Mine  
  123  8:50  Marauder  
  123  8:53  Marine x2  
  133  8:58  Supply Depot  
  124  9:03  Unknown, Marine x2  
  124  9:07  Ghost Academy  
  126  9:10  Marauder x2  
  126  9:14  Widow Mine x2  
  134  9:20  Marine x2  
  134  9:21  Supply Depot  
  136  9:24  Terran Infantry Weapons Level 2  
  136  9:26  Marine x2  
  136  9:29  Marauder  
  140  9:33  Marauder  
  140  9:37  Marauder  
  140  9:38  Marine x2  
  127  9:46  Terran Infantry Armor Level 2  
  127  9:49  Marine  
  127  9:50  Widow Mine x2  
  127  9:51  Marauder  
  127  9:52  Medivac x2  
  130  9:54  Marine  
  130  9:55  Marauder  
  130  9:57  Marine x2  
  130  9:59  Marauder  
  130  10:06  Marine  
  131  10:08  Enhanced Shockwaves  
  131  10:12  Command Center  
  131  10:17  Marine x3  
  131  10:18  Marine  
  131  10:19  Marauder  
  131  10:20  Marauder  
  123  10:22  Starport  
  123  10:25  Viking x2  
  118  10:28  SCV x2  
  118  10:30  SCV  
  118  10:34  Marine  
  118  10:35  Marine  
  122  10:42  Marauder x2, Marine  
  127  10:43  Ghost  
  127  10:46  Marine  
  131  10:54  Supply Depot  
  131  10:55  Viking x2  
  135  10:57  Marine  
  135  11:00  Viking x2  
  135  11:02  Ghost  
  135  11:03  SCV  
  135  11:04  SCV  
  144  11:05  Ghost  
  144  11:06  Marine x3  
  146  11:21  Marauder  
  146  11:22  SCV, Missile Turret  
  146  11:23  SCV  
  146  11:24  SCV  
  146  11:25  Viking x2  
  155  11:26  Planetary Fortress  
  155  11:32  Marauder  
  154  11:34  Viking  
  154  11:38  Marine x3  
  154  11:39  Marine x2  
  159  11:43  Marauder  
  162  11:51  SCV x2  
  162  11:52  Viking  
  162  11:53  Marauder  
  160  11:56  Marine  
  160  11:58  Marauder, Barracks  
  160  11:59  Barracks, SCV  
  160  12:00  Barracks  
  161  12:02  Marine x2  
  161  12:04  Marauder, Sensor Tower  
  161  12:05  SCV  
  166  12:11  Refinery, Viking x2  
  166  12:13  Marine  
  166  12:14  Marauder, Marine  
  171  12:19  Marauder, SCV x2  
  175  12:26  Bunker, Marauder  
  175  12:28  Supply Depot  
  177  12:30  Marine  
  177  12:31  Marine  
  177  12:32  Terran Infantry Weapons Level 3  
  177  12:35  SCV  
  180  12:37  Refinery  
  180  12:44  Marine  
  180  12:45  SCV  
  180  12:46  Marauder  
  180  12:49  Marine x2  
  180  12:50  Marauder, SCV x2  
  180  12:51  Viking  
  186  12:52  Liberator x2  
  186  12:54  Marauder  
  174  12:58  Viking  
  174  13:00  Barracks Tech Lab, Barracks Reactor, Marine x2  
  174  13:04  Marine  
  157  13:08  Marauder  
  157  13:11  Barracks Tech Lab  
  165  13:20  Marine, SCV  
  165  13:21  Marauder, Marine x2  
  167  13:28  Marine  
  167  13:29  Marauder  
  167  13:30  SCV  
  167  13:31  Marauder  
  172  13:35  Marine  
  172  13:36  Marauder  
  172  13:37  Liberator x2  
  172  13:40  Marine x3  
  177  13:41  Ghost  
  177  13:47  Command Center  
  177  13:48  Marine x2  
  177  13:50  Ghost  
  187  14:15  Liberator, Terran Infantry Armor Level 3  
  187  14:16  Liberator  
  187  14:23  Ghost  
  188  14:26  Supply Depot  
  188  14:27  Supply Depot  
  188  14:28  Marauder  
  188  14:29  Marauder  
  188  14:32  Ghost  
  188  14:33  Marauder  
  188  14:35  Marine x4  
  167  14:38  Marine x2  
  131  14:49  Marauder, Medivac  
  131  14:51  Marauder  
  137  14:53  Marine x2  
  137  14:54  Marauder x2  
  137  14:56  Medivac  
  145  15:01  Marauder  
  145  15:05  Marine  
  145  15:06  Marine x3  
  151  15:09  Terran Ship Weapons Level 1  
  151  15:10  Marauder  
  152  15:15  Medivac  
  152  15:16  Marauder x2  
  152  15:17  Missile Turret  
  158  15:22  Starport  
  158  15:25  Missile Turret  
  158  15:29  Planetary Fortress  
  158  15:34  Ghost  
  156  15:40  Medivac  
  156  15:41  Ghost  
  160  15:46  Ghost  
  162  15:51  Marine x5  
  162  15:53  Marauder  
  162  15:56  Viking  
  171  16:03  Viking  
  172  16:09  Marauder x2  
  176  16:17  Marauder x2  
  180  16:24  Marine x3  
  173  16:26  Viking  
  173  16:28  Marauder, Viking x3  
  162  16:33  Viking, Marine x2  
  162  16:35  Marauder  
  162  16:39  Liberator  
  168  16:41  Liberator  
  168  16:43  Marauder  
  168  16:44  Liberator  
  170  16:47  Marine x3  
  170  16:52  Liberator  
  173  16:55  Unknown  
  179  17:03  Starport Tech Lab, Fusion Core  
  179  17:05  Marine  
  179  17:06  Marine x2  
  179  17:07  Marauder  
  187  17:12  Marine x2  
  194  17:15  Marauder  
  194  17:21  Marauder, Marine  
  192  17:29  Viking  
  187  17:33  Marauder  
  187  17:36  Marauder  
  193  17:44  Supply Depot  
  193  17:46  Supply Depot  
  193  17:48  SCV x3  
  193  17:49  SCV x2  
Show
View Real Time Build Order
Export as new Build Order

Harstem Protoss 

Build Orders: 1 Gate Expand, Zealot Archon 

Get SALT Encoding   

  12  0:01  Probe  
  13  0:13  Probe  
  14  0:17  Pylon  
  14  0:24  Probe  
  14  0:28  Assimilator  
  15  0:32  Probe  
  15  0:40  Probe  
  16  0:45  Gateway  
  17  0:51  Probe  
  18  1:03  Probe  
  19  1:15  Probe  
  20  1:22  Nexus  
  20  1:32  Cybernetics Core  
  20  1:34  Probe  
  21  1:40  Assimilator  
  21  1:46  Probe  
  22  1:49  Pylon  
  22  1:58  Probe, Adept  
  23  2:09  Warp Gate  
  23  2:10  Probe  
  26  2:16  Robotics Facility  
  26  2:22  Probe  
  27  2:28  Stalker  
  29  2:31  Probe x2  
  31  2:39  Probe x2  
  33  2:49  Probe x2  
  35  3:01  Probe x2  
  35  3:02  Observer  
  38  3:10  Gateway  
  38  3:11  Gateway  
  38  3:13  Probe x2  
  38  3:16  Observer, Assimilator  
  38  3:18  Assimilator  
  40  3:23  Pylon  
  40  3:25  Probe  
  40  3:26  Probe  
  43  3:37  Probe  
  43  3:38  Probe  
  45  3:46  Nexus  
  45  3:49  Probe  
  45  3:50  Probe  
  45  3:53  Observer  
  48  4:01  Probe  
  48  4:02  Probe  
  50  4:07  Forge, Twilight Council  
  50  4:09  Pylon  
  50  4:13  Probe  
  50  4:14  Probe  
  52  4:17  Sentry  
  52  4:21  Pylon  
  54  4:24  Charge  
  54  4:26  Protoss Ground Armor Level 1  
  54  4:27  Probe x2  
  56  4:31  Stalker x2  
  56  4:37  Pylon  
  60  4:39  Probe x2  
  62  4:51  Gateway, Probe  
  62  4:52  Gateway  
  63  4:57  Probe  
  64  5:02  Observer  
  64  5:03  Templar Archives  
  64  5:04  Gateway  
  64  5:06  Gateway  
  64  5:07  Probe  
  64  5:12  Zealot  
  64  5:14  Zealot  
  69  5:16  Probe  
  69  5:18  Probe  
  69  5:21  Probe  
  72  5:26  Pylon, Zealot  
  75  5:34  Pylon, Zealot x2  
  80  5:40  Immortal  
  82  5:45  Probe x2  
  82  5:46  High Templar x2  
  82  5:49  Zealot  
  90  5:54  Zealot x2  
  94  6:00  Zealot  
  94  6:01  Pylon  
  94  6:02  Zealot  
  98  6:10  Probe  
  89  6:12  Zealot  
  89  6:13  Probe  
  84  6:18  Immortal, Zealot  
  84  6:19  Blink, Zealot x2  
  84  6:20  Archon  
  84  6:23  Probe  
  93  6:26  Protoss Ground Weapons Level 1  
  93  6:28  Zealot x2, High Templar  
  97  6:36  High Templar  
  99  6:40  Zealot x2  
  99  6:43  Stalker  
  99  6:44  Archon  
  106  6:51  Forge  
  104  6:54  Zealot x2  
  104  6:57  Probe  
  104  7:01  Zealot x3  
  105  7:09  Sentry, Stalker  
  105  7:12  Warp Prism  
  105  7:15  Probe  
  108  7:16  Probe  
  108  7:20  Probe  
  106  7:25  Assimilator  
  106  7:27  Probe  
  106  7:28  Zealot x4  
  108  7:33  Probe  
  108  7:34  Protoss Ground Armor Level 2  
  109  7:37  Zealot x3  
  109  7:40  Immortal  
  109  7:44  Robotics Bay  
  113  7:48  Assimilator  
  117  7:57  Pylon  
  117  7:59  Pylon  
  117  8:00  Photon Cannon  
  117  8:09  Probe x2  
  117  8:15  Probe  
  117  8:17  Pylon  
  117  8:19  Zealot x6  
  122  8:21  Pylon  
  122  8:25  Probe  
  122  8:26  Stalker  
  111  8:27  Probe  
  111  8:30  Probe  
  98  8:37  Probe  
  99  8:41  Stalker  
  99  8:46  Probe  
  96  8:51  Stalker x2  
  96  8:53  Protoss Ground Weapons Level 2  
  100  8:55  Zealot x2  
  100  9:00  Colossus  
  100  9:02  Probe  
  103  9:03  Probe x2  
  105  9:14  Probe  
  105  9:15  Probe  
  114  9:22  Zealot x4, Sentry  
  123  9:27  Extended Thermal Lance  
  123  9:31  Stalker  
  119  9:41  Stalker  
  108  9:46  Colossus  
  108  9:48  Stalker x4  
  108  9:50  Zealot  
  112  9:57  Stalker  
  112  9:58  Probe  
  113  10:07  Zealot  
  121  10:11  Observer  
  121  10:13  Stalker x4  
  119  10:24  Sentry  
  119  10:25  Zealot  
  119  10:28  Protoss Ground Armor Level 3  
  121  10:35  Sentry  
  121  10:36  Zealot  
  121  10:37  Zealot x2  
  121  10:41  Nexus  
  121  10:42  Colossus  
  129  10:46  Zealot x2  
  133  10:51  Zealot  
  141  10:59  Pylon  
  141  11:01  Pylon  
  141  11:07  Pylon  
  141  11:09  Observer  
  141  11:10  Templar Archives  
  141  11:18  Protoss Ground Weapons Level 3  
  141  11:21  Zealot x5  
  151  11:26  Warp Prism  
  151  11:31  Observer  
  147  11:36  Probe  
  147  11:37  Probe  
  151  11:40  Psionic Storm  
  151  11:52  Probe  
  148  11:54  High Templar x2  
  148  11:55  High Templar  
  148  11:56  Probe  
  148  11:57  Immortal  
  153  12:01  High Templar, Zealot  
  153  12:03  Zealot  
  153  12:04  Zealot  
  163  12:11  Observer  
  163  12:16  Observer  
  163  12:21  Unknown  
  161  12:24  Photon Cannon  
  161  12:26  Shield Battery  
  161  12:27  Shield Battery  
  161  12:28  Immortal  
  161  12:35  Zealot x4, High Templar x2  
  161  12:36  Zealot  
  175  12:41  Archon  
  169  12:53  Archon  
  169  12:57  Immortal, Zealot x5  
  157  13:00  Probe  
  157  13:03  Archon  
  126  13:10  High Templar x2  
  128  13:13  Gateway  
  128  13:15  Gateway  
  128  13:16  Robotics Facility  
  128  13:18  Colossus  
  128  13:20  High Templar  
  128  13:21  Zealot x4  
  128  13:24  Observer  
  130  13:37  Probe  
  130  13:38  Protoss Shields Level 1  
  135  13:45  Shield Battery  
  135  13:47  Stalker  
  135  13:48  Shield Battery, Stalker x2  
  141  14:00  Nexus  
  140  14:08  High Templar x2  
  142  14:11  Zealot x2, Stalker x5  
  142  14:13  Colossus  
  142  14:16  Colossus  
  162  14:30  Archon  
  166  14:33  Zealot  
  166  14:34  Zealot  
  166  14:36  Probe x2  
  150  14:40  Zealot x3  
  130  14:49  Zealot x4  
  138  14:53  Archon  
  138  14:54  High Templar  
  138  14:58  Archon  
  138  14:59  High Templar  
  142  15:04  Colossus  
  142  15:05  Colossus  
  154  15:22  Stalker x4  
  154  15:24  Nexus  
  154  15:25  High Templar x2  
  166  15:37  Pylon  
  166  15:38  Gravitic Drive, Stalker x3  
  172  15:45  High Templar x2  
  172  15:47  Zealot x2  
  180  15:57  Warp Prism  
  180  16:03  Sentry  
  184  16:04  Zealot x4  
  174  16:28  Zealot x3  
  174  16:29  Zealot x6  
  156  16:33  Immortal  
  156  16:45  Colossus  
  150  16:52  High Templar  
  150  16:53  High Templar x2  
  156  16:54  Zealot x3, Stalker  
  156  16:55  Zealot  
  170  17:02  Zealot  
  172  17:10  Dark Shrine  
  172  17:12  Immortal  
  172  17:20  Zealot x5  
  168  17:33  Archon  
  162  17:38  High Templar  
  162  17:39  High Templar  
  162  17:40  Stalker x4  
  169  17:46  Stalker x3  
Tags
 
Add a new tag
Caveats
  • Supply blocks, unpowered buildings, or Contaminate may cause inaccurate times.
  • Supply counts are checked every 10 seconds.